 Dungeon Crawl Stone Soup version 0.25-a0-781-gc44aebf4fe (webtiles) character file.

Game seed: 1587122774234289009, levelgen mode: deterministic

52 Joeren the Ruffian (level 3, -2/31 HPs)
             Began as a Naga Transmuter on Apr 16, 2020.
             Slain by an orc
             ... wielding a +0 hand axe
              (5 damage)
             ... on level 2 of the Dungeon.
             The game lasted 00:06:50 (1941 turns).

Joeren the Ruffian (Naga Transmuter)                Turns: 1941, Time: 00:06:50

Health: -2/31      AC:  2    Str: 12    XL:     3   Next: 85%
Magic:  5/6        EV: 10    Int: 14    God:
Gold:   82         SH:  0    Dex: 11    Spells: 2/6 levels left

rFire    . . .     SeeInvis +     - Unarmed
rCold    . . .     Gourm    .   (no shield)
rNeg     . . .     Faith    .   b - +0 robe
rPois    +         Spirit   .   (no helmet)
rElec    .         Reflect  .   (no cloak)
rCorr    .         Harm     .   (no gloves)
MR       .....                  (no barding)
Stlth    +.........             (no amulet)
HPRegen  0.10/turn              (no ring)
MPRegen  0.10/turn              (no ring)

@: appendage, very slow
A: large, horns 2, see invisible, deformed body, poison resistance, slowness 2,
slow metabolism 1, spit poison 1, AC +1
a: Spit Poison, End Transformation


You were on level 2 of the Dungeon.
You were hungry.
You had grown temporary horns.
You visited 1 branch of the dungeon, and saw 3 of its levels.

You collected 82 gold pieces.

Inventory:

Missiles
 a - 29 arrows
 c - 103 stones (quivered)
Armour
 b - a +0 robe (worn)
 f - a +0 helmet
Jewellery
 m - an uncursed ring of protection from fire
Scrolls
 g - a scroll of enchant weapon {unknown}
 i - 2 scrolls of enchant armour {unknown}
 l - a scroll of teleportation {unknown}
 n - a scroll of immolation {unknown}
Potions
 e - 3 potions of resistance {unknown}
 h - a potion of curing
 j - a potion of cancellation {unknown}
 k - a potion of magic {unknown}
Comestibles
 d - 4 rations
 o - 6 chunks of flesh


   Skills:
 + Level 1.1 Fighting
 + Level 1.6 Dodging
 - Level 0.4 Stealth
 + Level 3.9 Unarmed Combat
 + Level 2.2 Spellcasting
 * Level 2.4 Transmutations
 * Level 1.0 Poison Magic


You had 2 spell levels left.
You knew the following spells:

 Your Spells              Type           Power        Failure   Level  Hunger
a - Beastly Appendage     Tmut           #.....       9%          1    #......
b - Spider Form           Tmut/Pois      #.........   34%         3    ###....

Your spell library contained the following spells:

 Spells                   Type           Power        Failure   Level  Hunger
 Sticks to Snakes         Tmut           #.......     13%         2    ###....
 Ice Form                 Ice/Tmut       #.......     80%         4    #####..
 Blade Hands              Tmut           #.........   93%         5    ######.


Dungeon Overview and Level Annotations

Branches:
Dungeon (3/15)

Altars:


Innate Abilities, Weirdness & Mutations

You cannot wear boots.
Your serpentine skin is tough. (AC +1)
You have supernaturally acute eyesight. (SInv)
Armour fits poorly on your strangely shaped body.
Your system is resistant to poisons. (rPois)
You cover ground very slowly.
You have a slow metabolism.
You can spit poison.
You have a pair of horns on your head.


Message History

There is a stone staircase leading down here.
You climb downwards.
A kobold, 4 orcs and an orc priest come into view.
An orc is wielding a +2 mace of protection.
The kobold shouts!
The orc shouts!
The orc priest shouts!
The orc shouts! x2
You hear a shout! x2
Found three items.
There is a stone staircase leading up here.
Casting: Beastly Appendage (safe; 9% risk of failure)
Confirm with . or Enter, or press ? or * to list all spells.
You grow a pair of large bovine horns.
The orc priest invokes the aid of Beogh against you.
Beogh smites you! The orc hits you with a +0 flail!
* * * LOW HITPOINT WARNING * * *
The orc hits you with a +0 hand axe.
* * * LOW HITPOINT WARNING * * *
You climb upwards.
There is a stone staircase leading down here.
The orc barely misses you. The orc hits you with a +0 hand axe.
You die...

# ..# #.#.# b#
.#.# ..## ....
... [#.# #.#
..#####.#.###..#
......#[÷#..#
#..###.o.##
#..)...o@.#
###.##.#.##.# #
#......#.# ... #
##..#####.#
###.# # #...#
#.. # # ###..##
##. ####.÷.## #?
..##.#.# .
#.#..#.######


You could see 2 orcs and a bat (sleeping).

Vanquished Creatures
  2 adders
  A worm (D:1)
  A leopard gecko (D:1)
  A ball python (D:1)
  A giant cockroach (D:1)
  3 goblins (D:1)
  6 hobgoblins
  2 jackals (D:1)
  A kobold (D:1)
  4 bats (D:1)
  2 frilled lizards
  6 rats
30 creatures vanquished.

Notes
Turn   | Place    | Note
-------+----------+-------------------------------------------
     0 | D:1      | Joeren the Naga Transmuter began the quest for the Orb.
     0 | D:1      | Reached XP level 1. HP: 18/18 MP: 3/3
   321 | D:1      | Reached XP level 2. HP: 20/25 MP: 3/5
   610 | D:1      | Reached XP level 3. HP: 28/31 MP: 4/6
  1096 | D:1      | Learned a level 3 spell: Spider Form
  1689 | D:2      | Reached skill level 1 in Poison Magic
  1941 | D:2      | Slain by an orc

Levels and vault maps discovered:
D:1:      dpeg_arrival_leaves_temple_mockup, layout_loops_ring,
          kennysheep_small_spiral
D:2:      layout_rooms, kennysheep_slug_shrine
D:3:      layout_rooms, lemuel_round_altar

Skill      XL: |  1  2  3 |
---------------+----------+-----
Poison Magic   | 1 |  1.0
Fighting       | |  1.1
Dodging        | |  1.6
Stealth        | |  0.4
Unarmed Combat | |  3.9
Spellcasting   | |  2.2
Transmutations | |  2.4

Action                   || total
-------------------------++-------
Melee: Unarmed           ||   120
       Headbutt          ||    10
       Punch             ||     1
Throw: Stone             ||     1
 Cast: Beastly Appendage ||    16
  Eat: Chunk             ||     2
Armor: Robe              ||    28
Dodge: Dodged            ||    74

Table legend:
 A = Non-vault XP
 B = Vault XP
 C = Vault XP percentage of total XP
 D = Non-vault monster count
 E = Vault monster count
 F = Vault count percentage of total count
                 A         B        C        D         E       F
            +---------+---------+-------+---------+---------+-------
      Total |      75 |       0 |   0.0 |      30 |       0 |   0.0
            +---------+---------+-------+---------+---------+-------
        D:1 |      55 |       0 |   0.0 |      24 |       0 |   0.0
        D:2 |      20 |       0 |   0.0 |       6 |       0 |   0.0
            +---------+---------+-------+---------+---------+-------
